 Dungeon Crawl Stone Soup version 0.31-a0-325-g067879e3d3 (webtiles) character file.

Game seed: 11092088625129481620

60 croobank the Trooper (level 3, -7/30 HPs)
             Began as a Demonspawn Monk on July 19, 2023.
             Mangled by a hobgoblin
             ... wielding a +0 rapier
              (8 damage)
             ... on level 2 of the Dungeon.
             The game lasted 00:02:17 (1076 turns).

croobank the Trooper (Demonspawn Monk)              Turns: 1076, Time: 00:02:18

Health: -7/30      AC:  2    Str: 11    XL:     3   Next: 80%
Magic:  3/3        EV: 13    Int: 13    God:
Gold:   90         SH:  0    Dex: 15    Spells: 2/2 levels left

rFire   . . .        a - +0 short sword
rCold   . . .        d - orb {light}
rNeg    . . .        b - +0 robe
rPois   .            (no helmet)
rElec   .            (no cloak)
rCorr   .            (no gloves)
SInv    .            (no boots)
Will    .....        (no amulet)
Stlth   +            (no ring)
HPRegen 0.25/turn    (no ring)
MPRegen 0.08/turn

%: no passive effects
@: lethally poisoned (-7 -> -9), about to teleport, glowing
A: foul stench 1, powered by pain 1
a: no special abilities


You were on level 2 of the Dungeon.
You visited 1 branch of the dungeon, and saw 2 of its levels.

You collected 90 gold pieces.

Inventory:

Hand Weapons
 a - a +0 short sword (weapon)
Armour
 b - a +0 robe (worn)
 d - an orb of light (worn)
Scrolls
 h - a scroll of revelation {unknown}
Potions
 c - a potion of ambrosia
 e - a potion of brilliance {unknown}
 g - a potion of enlightenment {unknown}
 i - a potion of degeneration {unknown}
 j - 2 potions of curing {unknown}


   Skills:
 + Level 3.7 Fighting
 + Level 3.3 Short Blades
 + Level 3.3 Dodging


You had 2 spell levels left.
You didn't know any spells.
Your spell library was empty.

Dungeon Overview and Level Annotations

Branches:
Dungeon (2/15)

Altars:

Annotations:
D:2 Jessica


Innate Abilities, Weirdness & Mutations

You may rarely emit foul miasma when damaged in melee.
You sometimes gain a little power by taking damage.


Message History

The hobgoblin barely misses you.
Things that are here:
a +0 club; a goblin corpse Jessica the Apprentice Sorceress comes into view.
She is wielding a +0 dagger.
Jessica shouts!
You hear a shout!
You hear an angry hiss.
The hobgoblin barely misses you. The hobgoblin hits you.
Things that are here:
a +0 club; a goblin corpse The hobgoblin barely misses you.
An adder comes into view.
You hit the hobgoblin.
The hobgoblin is almost dead.
The hobgoblin hits you.
* * * LOW HITPOINT WARNING * * *
You hit the hobgoblin.
You kill the hobgoblin!
A hobgoblin comes into view. It is wielding a +0 rapier.
The hobgoblin shouts!
As you read the scroll labelled KIVOWOFEYN, it crumbles to dust.
You feel strangely unstable.
It was a scroll of teleportation.
The adder bites you.
* * * LOW HITPOINT WARNING * * *
Jessica casts a spell.
Jessica seems to speed up.
The adder bites you but does no damage.
The hobgoblin hits you with a +0 rapier.
* * * LOW HITPOINT WARNING * * *
The adder attacks as you move away! The adder bites you.
* * * LOW HITPOINT WARNING * * *
You are lethally poisoned!
The adder poisons you!
* * * LOW HITPOINT WARNING * * *
You feel sick.
The hobgoblin hits you with a +0 rapier.
* * * LOW HITPOINT WARNING * * *
You emit a cloud of foul miasma!
The hobgoblin attacks as you move away!
The hobgoblin hits you with a +0 rapier!
You die...

### #.#####.#
#.....<.##########
#.#####..†.......#
#.##############.#
#......@gg######.#
#####...S........#
#.#####@###########
#. #.#...†g....# .
#†#.####....# ..
#@).# #....# #.
#.#.# #..g.#
#..@......#.#
####$# #####.#.#.#
#)#


You could see an adder, Jessica (fast) and 2 hobgoblins.

Vanquished Creatures
  Robin (D:2)
  A dart slug (D:1)
  2 ball pythons (D:2)
  4 bats (D:1)
  3 endoplasms (D:1)
  4 giant cockroaches (D:1)
  9 goblins (D:2)
  4 hobgoblins
  2 jackals (D:2)
  A kobold (D:1)
  3 quokkas
  3 frilled lizards (D:1)
  2 rats (D:1)
39 creatures vanquished.

Notes
Turn   | Place    | Note
-------+----------+-------------------------------------------
     0 | D:1      | croobank the Demonspawn Monk began the quest for the Orb.
     0 | D:1      | Reached XP level 1. HP: 18/18 MP: 1/1
   336 | D:1      | Gained mutation: You sometimes gain a little power by
                  | taking damage. [demonic ancestry]
   336 | D:1      | Reached XP level 2. HP: 23/24 MP: 2/2
   712 | D:1      | Gained mutation: You may rarely emit foul miasma when
                  | damaged in melee. [demonic ancestry]
   712 | D:1      | Reached XP level 3. HP: 12/29 MP: 3/3
  1021 | D:2      | Noticed Robin
  1027 | D:2      | Killed Robin
  1064 | D:2      | Noticed Jessica
  1075 | D:2      | HP: 1/30 [hobgoblin/+0 rapier (1)]
  1076 | D:2      | Mangled by a hobgoblin

Illustrated notes

Levels and vault maps discovered:
D:1:      dpeg_arrival_radiant, layout_loops_ring
D:2:      layout_basic, hellmonk_ecumenical_altar_slurped_away,
          minmay_split_cup_small, uniq_robin, uniq_sigmund, uniq_jessica

Skill      XL: |  1  2 |
---------------+-------+-----
Short Blades   | 3 |  3.3
Dodging        | 3 |  3.3
Fighting       | |  3.7

Action                     || total
---------------------------++-------
  Melee: Short sword       ||   135
    Use: Scroll            ||     1
 Armour: Robe              ||    19
  Dodge: Dodged            ||    72

Table legend: (Time is in decaauts)
 A = Elapsed time spent in this place.
 B = Non-inter-level travel time spent in this place.
 C = Inter-level travel time spent in this place.
 D = Time resting spent in this place.
 E = Time spent auto-exploring this place.
 F = Levels seen in this place.
 G = Mean time per level.
                   A        B        C        D        E       F      G
               +--------+--------+--------+--------+--------+-----+--------+
         Total |   1056 |   1008 |     48 |    134 |    636 |   2 |  528.0 |
       Dungeon |   1056 |   1008 |     48 |    134 |    636 |   2 |  528.0 |
               +--------+--------+--------+--------+--------+-----+--------+

Top non-repeatable levels by time:
     D:1: 899 daAuts
     D:2: 157 daAuts
